 Dungeon Crawl Stone Soup version 0.29-a0-72-g1732ff48e7 (webtiles) character file.

Game seed: 7037127735814295429

219 dohliylev the Skirmisher (level 5, -1/50 HPs)
             Began as a Minotaur Berserker on Feb 3, 2022.
             Was a Believer of Trog.
             Slain by a gnoll (6 damage)
             ... on level 5 of the Dungeon.
             The game lasted 00:07:25 (2784 turns).

dohliylev the Skirmisher (Minotaur Berserker)       Turns: 2784, Time: 00:07:26

Health: -1/50      AC:  3    Str: 23    XL:     5   Next: 63%
Magic:  4/4        EV:  9    Int:  4    God:    Trog [**....]
Gold:   191        SH:  0    Dex: 16    Spells: 4/4 levels left

rFire   . . .      SeeInvis .   h - +0 hand axe (vamp)
rCold   . . .      Faith    .   (no shield)
rNeg    . . .      Spirit   .   d - +0 chain mail
rPois   .          Reflect  .   (helmet restricted)
rElec   .          Harm     .   (no cloak)
rCorr   .          Rampage  .   (no gloves)
Will    ++...                   p - +2 pair of boots
Stlth   ..........              (no amulet)
HPRegen 1.16/turn               b - ring of flight
MPRegen 0.09/turn               f - +6 ring of dexterity

@: strong-willed, corroded, on berserk cooldown, flying, regenerating, slowed,
very slow
A: horns 2, retaliatory headbutt
a: Renounce Religion, Berserk, Trog's Hand


You were on level 5 of the Dungeon.
You worshipped Trog.
Trog was pleased with you.
You visited 1 branch of the dungeon, and saw 5 of its levels.

You collected 191 gold pieces.

Inventory:

Hand Weapons
 h - a +0 vampiric hand axe (weapon)
Armour
 d - a +0 chain mail (worn)
 p - a +2 pair of boots (worn)
Jewellery
 b - a ring of flight (left hand)
 f - a +6 ring of dexterity (right hand)
Scrolls
 c - a scroll of fear {unknown}
 e - 2 scrolls of noise {unknown}
 g - 5 scrolls of identify {unknown}
 i - a scroll of enchant weapon {unknown}
 j - a scroll of enchant armour {unknown}
 k - a scroll of brand weapon {unknown}
 m - a scroll of magic mapping {unknown}
 n - a scroll of teleportation {unknown}
 o - a scroll of immolation {unknown}
Potions
 a - a potion of berserk rage {unknown}
 l - 2 potions of attraction {unknown}


   Skills:
 * Level 6.0 Fighting
 + Level 5.8 Axes
 - Level 2.4 Armour
 + Level 2.5 Dodging


You had 4 spell levels left.
You didn't know any spells.
Your spell library was empty.

Dungeon Overview and Level Annotations

Branches:
Dungeon (5/15)
 Temple: D:4-7

Altars:

Shops:
D:3 :


Innate Abilities, Weirdness & Mutations

You have a pair of horns on your head.
You reflexively headbutt those who attack you in melee.


Message History

The jelly hits you but does no damage.
You shred the net and break free! The jelly hits you but does no damage.
You hit the jelly.
You feel better. The acid corrodes you!
Your hands burn!
The jelly is severely wounded.
The gnoll hits you but does no damage. The jelly closely misses you.
You barely miss the jelly.
The jelly is severely wounded.
The gnoll hits you from afar with a +0 halberd.
The jelly hits you but does no damage.
You hit the jelly but do no damage.
Your hands burn!
You headbutt the jelly.
The jelly is almost dead.
The gnoll hits you from afar with a +0 halberd.
The jelly hits you but does no damage.
You hit the jelly but do no damage.
Your hands burn!
The jelly is almost dead.
The gnoll closely misses you. The jelly hits you.
You are splashed with acid!
A red film seems to cover your vision as you go berserk!
You feel yourself moving faster!
You feel mighty!
The gnoll hits you from afar with a +0 halberd!
* * * LOW HITPOINT WARNING * * *
The jelly hits you but does no damage.
You feel a strong urge to attack something.
You feel your anger nearly subside.
The orc shouts!
You hear a shout! x2
Your blood rage is quickly leaving you.
You are no longer berserk.
You are exhausted.
You feel yourself slow down.
The gnoll hits you from afar with a +0 spear.
* * * LOW HITPOINT WARNING * * *
Your skin crawls.
You feel strong-willed. The gnoll closely misses you. The jelly hits you.
* * * LOW HITPOINT WARNING * * *
The acid corrodes you!
You are splashed with acid!
* * * LOW HITPOINT WARNING * * *
You hit the jelly but do no damage.
Your hands burn!
* * * LOW HITPOINT WARNING * * *
The jelly is almost dead.
The gnoll hits you from afar with a +0 spear.
You die...

......##.....##....#
.?.....##..........#
....#...........##.
....####.......##
#.. ####....##
...P..:..#
≈≈≈≈≈g..g#
≈≈≈≈≈≈..J.#
####≈≈..@.# og
#≈≈....# #≈≈....#
#≈≈P...# .≈≈≈....#
#.≈≈≈....#
#.≈≈≈....#
#.≈≈≈....#


You could see a jelly and 2 gnolls.

Vanquished Creatures
  A jelly (D:4)
  Natasha (D:4)
  3 adders
  5 gnolls
  A worm (D:4)
  5 dart slugs
  An orc (D:4)
  10 ball pythons
  10 endoplasms
  2 giant cockroaches
  5 goblins
  7 hobgoblins
  3 jackals (D:1)
  3 quokkas
  A bat (D:3)
  A frilled lizard (D:1)
  14 kobolds
  3 rats
76 creatures vanquished.

Notes
Turn   | Place    | Note
-------+----------+-------------------------------------------
     0 | D:1      | dohliylev the Minotaur Berserker began the quest for the
                  | Orb.
     0 | D:1      | Reached XP level 1. HP: 19/19 MP: 0/0
    27 | D:1      | Reached skill level 4 in Fighting
   166 | D:1      | Reached XP level 2. HP: 25/27 MP: 1/1
   770 | D:1      | Reached XP level 3. HP: 34/34 MP: 2/2
  1053 | D:2      | Reached ** piety under Trog
  1061 | D:2      | Reached skill level 5 in Fighting
  1061 | D:2      | Reached XP level 4. HP: 42/42 MP: 3/3
  1419 | D:2      | Found a faded altar of an unknown god.
  1725 | D:2      | Reached skill level 5 in Axes
  1851 | D:3      | Found Ryakizxe's Book Emporium.
  2396 | D:4      | Reached XP level 5. HP: 50/50 MP: 4/4
  2698 | D:4      | Noticed Natasha
  2703 | D:4      | Killed Natasha
  2704 | D:4      | Reached skill level 6 in Fighting
  2760 | D:5      | Entered Level 5 of the Dungeon
  2784 | D:5      | Slain by a gnoll

Illustrated notes

Levels and vault maps discovered:
D:1:      psy_arrival_radial01, layout_basic, minmay_misc_feat_more_columns,
          hex_tiny, minmay_stone_trees_small
D:2:      layout_basic, hellmonk_ecumenical_altar_lost_god
D:3:      layout_loops_ring, serial_shops, nicolae_shop_trees
D:4:      layout_rooms, uniq_natasha
D:5:      lemuel_castle_with_subvaults [lemuel_castle_interior_carwin_3],
          layout_cave_pools, uniq_ijyb

Skill      XL: |  1  2  3  4  5 |
---------------+----------------+-----
Fighting       | 4 5 6 |  6.0
Axes           | 4 5 |  5.8
Armour         | |  2.4
Dodging        | |  2.5

Action                   |  1- 3 |  4- 6 || total
-------------------------+-------+-------++-------
Melee: Hand axe          |    52 |    86 ||   138
       Headbutt          |     6 |    20 ||    26
       Punch             |     1 |       ||     1
Invok: Berserk           |     2 |     3 ||     5
       Trog's Hand       |     1 |     2 ||     3
Armor: Chain mail        |    32 |    45 ||    77
Dodge: Dodged            |    25 |    39 ||    64

Table legend: (Time is in decaauts)
 A = Elapsed time spent in this place.
 B = Non-inter-level travel time spent in this place.
 C = Inter-level travel time spent in this place.
 D = Time resting spent in this place.
 E = Time spent auto-exploring this place.
 F = Levels seen in this place.
 G = Mean time per level.
                   A        B        C        D        E       F      G
               +--------+--------+--------+--------+--------+-----+--------+
         Total |   2838 |   2768 |     70 |    136 |   2017 |   5 |  567.6 |
       Dungeon |   2838 |   2768 |     70 |    136 |   2017 |   5 |  567.6 |
               +--------+--------+--------+--------+--------+-----+--------+

Top non-repeatable levels by time:
     D:1: 969 daAuts
     D:2: 813 daAuts
     D:3: 604 daAuts
     D:4: 425 daAuts
     D:5: 24 daAuts
